AoeStats
← evan.matthew.bishop

Highland

505972074Analyzed
2v2 RM · 20d ago on Sep 11, 2026· 43m 36s· 4 players
Game mode
Random Map
Map size
Medium (4 player)
Population
200
Speed
Normal
Resources
Standard
Victory
Conquest
Starting age
Dark Age
Ending age
Imperial Age
RankedLock teamsTeams togetherTeam positionsShared explorationLock speedFull tech treeHidden civsTurbo modeCheats
Victory
Defeat
🇩🇪 Huns · Germany
756
+16
🇮🇳 Khmer · India
746
+16
🇮🇳 Berbers · India
796
-25
🇺🇸 Inca · United States
698
-14
Maxen1988
15:36 Feudal Age
16:42 Horse Collar
16:50 Double-Bit Axe
19:02 Wheelbarrow
24:10 Castle Age
23:01 Bloodlines
22:58 Scale Barding Armor
22:52 Town Watch
25:18 Gold Mining
25:54 Forging
26:05 Chain Barding Armor
26:32 Hand Cart
28:07 Husbandry
29:16 Stone Mining
30:05 Iron Casting
32:15 Imperial Age
31:29 Town Patrol
33:46 Gold Shaft Mining
33:48 Plate Barding Armor
33:29 Bow Saw
33:23 Heavy Plow
35:06 Blast Furnace
34:06 Cavalier
36:26 Paladin
38:28 Masonry
39:24 Guilds
42:19 Caravan
pussy noodles
11:46 Feudal Age
17:42 Castle Age
16:24 Double-Bit Axe
16:24 Horse Collar
21:42 Town Watch
27:29 Heavy Plow
28:23 Stone Mining
31:33 Imperial Age
31:12 Gold Mining
30:59 Light Cavalry
31:49 Bloodlines
31:40 Husbandry
33:34 Loom
35:05 Chemistry
34:29 Ballistics
35:18 Wheelbarrow
34:43 Town Patrol
35:43 Double Crossbow
36:05 Conscription
36:21 Scale Barding Armor
37:12 Hussar
39:01 Siege Engineers
39:09 Masonry
40:02 Elite Ballista Elephant
41:18 Bow Saw
42:17 Crop Rotation
44:14 Chain Barding Armor
evan.matthew.bishop
0:51 Loom
12:03 Feudal Age
12:30 Double-Bit Axe
12:33 Town Watch
13:09 Horse Collar
23:37 Castle Age
21:49 Forging
21:40 Scale Mail Armor
21:35 Champi Runner
22:49 Arson
24:01 Scale Mail Armor
24:53 Heavy Plow
25:57 Gold Mining
28:17 Chain Mail Armor
28:58 Iron Casting
29:03 Andean Sling
31:55 Fletching
35:03 Imperial Age
38:51 Theocracy
38:34 Block Printing
37:50 Capped Ram
42:53 Sanctity
43:00 Illumination
43:16 Plate Mail Armor
43:46 Blast Furnace
42:10 Pikeman
42:54 Squires
44:04 Wheelbarrow
GazmoiT
12:04 Feudal Age
12:53 Horse Collar
15:13 Double-Bit Axe
21:25 Castle Age
19:43 Fletching
20:05 Padded Archer Armor
23:30 Bodkin Arrow
32:37 Imperial Age
30:39 Thumb Ring
34:28 Wheelbarrow
39:24 Conscription
38:29 Elite Genitour
Connection lost

Rejoining the realm…

Still unreachable

The connection could not be restored.

Session expired

The server has moved on; the page needs a fresh start.